 Dungeon Crawl Stone Soup version 0.29-a0-113-g078de9bc30 (webtiles) character file.

Game seed: 6213760442569011391

460 kae the Ruffian (level 6, -1/75 HPs)
             Began as a Draconian Transmuter on Feb 18, 2022.
             Succumbed to a water moccasin's poison
             ... on level 4 of the Dungeon.
             The game lasted 00:02:31 (5069 turns).

kae the Ruffian (Draconian Transmuter)              Turns: 5069, Time: 00:02:31

Health: -1/75      AC: 23    Str: 12    XL:     6   Next: 78%
Magic:  8/10       EV: -1    Int: 16    God:
Gold:   1304       SH:  0    Dex: 11    Spells: 7/11 levels left

rFire   . . .      SeeInvis .     - Unarmed
rCold   . . .      Faith    .   (no shield)
rNeg    . . .      Spirit   .   (armour unavailable)
rPois   +          Reflect  .   (helmet currently unavailable)
rElec   .          Harm     .   (cloak currently unavailable)
rCorr   .          Rampage  .   (gloves currently unavailable)
Will    .....      NoTele   +   (boots currently unavailable)
Stlth   +.........              (no amulet)
HPRegen 0.22/turn               (no ring)
MPRegen 0.12/turn               (no ring)

@: mighty, lethally poisoned (-1 -> -14), tree-form, hasted, constricted, very
quick
A: stationary, stasis, torment immunity, boosted hp, AC +6, unfitting armour,
(cold-blooded)
a: no special abilities


You were on level 4 of the Dungeon.
You were a tree.
You visited 1 branch of the dungeon, and saw 4 of its levels.

You collected 1304 gold pieces.

Inventory:

Armour
 l - a +1 cloak (melded)
Jewellery
 g - an amulet of regeneration
Wands
 c - a wand of flame (25)
 f - a wand of polymorph (4)
Scrolls
 i - a scroll of torment {unknown}
Potions
 b - 3 potions of attraction
 e - a potion of curing {unknown}
 h - a potion of lignification


   Skills:
 + Level 2.7 Fighting
 + Level 2.7 Dodging
 * Level 4.8 Unarmed Combat
 + Level 3.0 Spellcasting
 * Level 4.0 Transmutations
 - Level 2.0 Poison Magic


You had 7 spell levels left.
You knew the following spells:

 Your Spells              Type           Power      Damage    Failure   Level
a - Beastly Appendage     Tmut           30%        N/A       3%          1
b - Spider Form           Tmut/Pois      12%        N/A       16%         3

Your spell library contained the following spells:

 Spells                   Type           Power      Damage    Failure   Level
 Wereblood                Tmut           15%        N/A       5%          2
 Slow                     Hex            8%         N/A       19%         1
 Call Canine Familiar     Summ           2%         N/A       50%         3
 Confusing Touch          Hex            2%         N/A       50%         3
 Portal Projectile        Hex/Tloc       4%         N/A       50%         3
 Vampiric Draining        Necr           2%         2d6       50%         3
 Ice Form                 Ice/Tmut       8%         N/A       63%         4
 Leda's Liquefaction      Hex/Erth       1%         N/A       88%         4


Dungeon Overview and Level Annotations

Branches:
Dungeon (4/15)
 Temple: D:4-7

Altars:

Shops:
D:4 *

Annotations:
D:3 1 runed translucent door, Crazy Yiuf


Innate Abilities, Weirdness & Mutations

You are a tree.
Your roots penetrate the ground, keeping you stationary.
You cannot be teleported.
You are immune to unholy pain and torment.
Your maximum health is greatly increased.
Your equipment is partially melded.
((Your plain brown scales are hard. (AC +6)))
You cannot fit into any form of body armour.
((You are cold-blooded and may be slowed by cold attacks.))


Message History

You hit the water moccasin.
The water moccasin is heavily wounded.
You feel sick.
You are no longer poisoned.
The water moccasin bites you. The ball python completely misses you.
The ball python closely misses you. The water moccasin closely misses you.
You barely miss the water moccasin.
The water moccasin is heavily wounded.
The ball python barely misses you. The ball python closely misses you.
The water moccasin bites you!
* * * LOW HITPOINT WARNING * * *
It was a potion of might.
You feel very mighty all of a sudden. The ball python completely misses you.
The ball python misses you.
The water moccasin bites you but does no damage.
The ball python completely misses you. The ball python closely misses you.
You bite the water moccasin!
The water moccasin is almost dead.
The water moccasin bites you.
* * * LOW HITPOINT WARNING * * *
You are lethally poisoned!
The water moccasin poisons you! The ball python barely misses you.
The ball python closely misses you.
You bite the water moccasin!
You kill the water moccasin!
* * * LOW HITPOINT WARNING * * *
You feel very sick. The ball python closely misses you.
The ball python completely misses you.
Your Spellcasting skill increases to level 3!
Your Transmutations skill increases to level 4!
It was a potion of lignification.
Your transformation has ended.
Your +1 cloak unmelds from your body.
You turn into a tree.
Your +1 cloak melds into your body.
Your roots penetrate the ground.
* * * LOW HITPOINT WARNING * * *
You feel very sick.
The ball python bites you but does no damage.
The ball python grabs you. The ball python constricts you.
It was a potion of haste.
You feel yourself speed up.
You die...

.#...# ..... ....
##... #####...
#...#..## +.∩.S†..#
#♣..# ###..## #.#
#...## ..# ##.##
###..# #..### .....
#....### ....
####......# ...
#..##.........# ..
##..#......#...####


You could see a ball python.

Vanquished Creatures
  A water moccasin (D:4)
  A bullfrog (D:4)
  2 iguanas (D:4)
  Natasha (thrice) (D:3)
  Robin (D:3)
  6 adders
  An ufetubus (D:4)
  3 dart slugs
  8 orcs
  7 endoplasms
  4 giant cockroaches
  12 goblins
  8 hobgoblins
  4 jackals (D:2)
  8 ball pythons
  5 bats
  6 frilled lizards
  4 kobolds
  4 rats
88 creatures vanquished.

Notes
Turn   | Place    | Note
-------+----------+-------------------------------------------
     0 | D:1      | kae the Draconian Transmuter began the quest for the Orb.
     0 | D:1      | Reached XP level 1. HP: 16/16 MP: 3/3
   427 | D:1      | Reached XP level 2. HP: 23/23 MP: 3/5
  1172 | D:2      | Reached XP level 3. HP: 21/28 MP: 6/6
  1176 | D:2      | Learned a level 3 spell: Spider Form
  1989 | D:2      | Found a faded altar of an unknown god.
  2059 | D:2      | Reached skill level 1 in Poison Magic
  2163 | D:2      | Identified a scroll of acquirement
  2163 | D:2      | Acquired 1083 gold pieces
  2236 | D:3      | Noticed Natasha
  2252 | D:3      | Killed Natasha
  2253 | D:3      | Reached XP level 4. HP: 36/36 MP: 4/7
  2741 | D:3      | Noticed Robin
  2834 | D:3      | Killed Robin
  3019 | D:3      | Noticed Natasha
  3026 | D:3      | Killed Natasha
  3027 | D:3      | Reached XP level 5. HP: 38/41 MP: 6/8
  3319 | D:3      | Found a runed translucent door.
  3320 | D:3      | Noticed Crazy Yiuf
  4175 | D:3      | Noticed Natasha
  4180 | D:3      | Killed Natasha
  4716 | D:4      | Reached XP level 6. HP: 18/48 MP: 6/10
  5052 | D:4      | Found Xapsumm's Serpentskin Sales.
  5052 | D:4      | Noticed a water moccasin
  5067 | D:4      | Killed a water moccasin
  5068 | D:4      | HP: 2/75 [poisoned by a water moccasin]
  5069 | D:4      | Succumbed to a water moccasin's poison

Illustrated notes

Levels and vault maps discovered:
D:1:      dpeg_arrival_solitude, layout_basic
D:2:      layout_loops_cross, ebering_ecumenical_altar_rust, minivault_11,
          hangedman_decor_riveting, kennysheep_another_room
D:3:      layout_loops_corners, minmay_close_crescents, uniq_crazy_yiuf_cottage,
          uniq_natasha, uniq_robin
D:4:      layout_cave_pools, nicolae_overflow_crystal_walls, guppyfry_shop_venom

Skill      XL: |  1  2  3  4  5  6 |
---------------+-------------------+-----
Dodging        | 2 |  2.7
Poison Magic   | 1 2 |  2.0
Unarmed Combat | 4 |  4.8
Transmutations | 3 4 |  4.0
Fighting       | 2 |  2.7
Spellcasting   | 3 |  3.0

Action                   |  1- 3 |  4- 6 || total
-------------------------+-------+-------++-------
Melee: Unarmed           |   107 |   145 ||   252
       Kick              |    15 |    16 ||    31
       Tailslap          |    10 |    12 ||    22
       Headbutt          |     1 |     8 ||     9
       Punch             |     1 |     1 ||     2
 Cast: Beastly Appendage |    27 |    15 ||    42
       Spider Form       |     1 |     8 ||     9
  Use: Scroll            |    10 |     1 ||    11
       Potion            |       |     3 ||     3
Armor: Skin              |    46 |    31 ||    77
Dodge: Dodged            |    82 |   138 ||   220

Table legend: (Time is in decaauts)
 A = Elapsed time spent in this place.
 B = Non-inter-level travel time spent in this place.
 C = Inter-level travel time spent in this place.
 D = Time resting spent in this place.
 E = Time spent auto-exploring this place.
 F = Levels seen in this place.
 G = Mean time per level.
                   A        B        C        D        E       F      G
               +--------+--------+--------+--------+--------+-----+--------+
         Total |   5074 |   4982 |     92 |    392 |   3926 |   4 | 1268.5 |
       Dungeon |   5074 |   4982 |     92 |    392 |   3926 |   4 | 1268.5 |
               +--------+--------+--------+--------+--------+-----+--------+

Top non-repeatable levels by time:
     D:3: 2339 daAuts
     D:2: 1153 daAuts
     D:1: 1098 daAuts
     D:4: 483 daAuts
